 Seeded DCSS version 0.28-a0-998-gb9e9c7b67e (webtiles) character file.

Game seed: 12130800008223909736 (custom seed)

34 croobank the Skirmisher (level 3, -1/24 HPs)
             Began as a Gargoyle Monk on Dec 5, 2021.
             Slain by a gnoll (7 damage)
             ... on level 4 of the Dungeon.
             The game lasted 00:07:27 (1048 turns).

croobank the Skirmisher (Gargoyle Monk)             Turns: 1048, Time: 00:07:27

Health: -1/24      AC:  6    Str: 14    XL:     3   Next: 31%
Magic:  3/3        EV:  6    Int: 12    God:
Gold:   96         SH:  0    Dex: 12    Spells: 2/2 levels left

rFire   + . .      SeeInvis .   k - +0 hand axe
rCold   x . .      Faith    .   (no shield)
rNeg    + . .      Spirit   .   h - +0 leather armour
rPois   ∞          Reflect  .   (no helmet)
rElec   +          Harm     .   (no cloak)
rCorr   .          Rampage  .   (no gloves)
Will    .....                   (no boots)
Stlth   ++........              d - amulet of regeneration
HPRegen 0.88/turn               j - ring of fire
MPRegen 0.08/turn               (no ring)

@: held
A: sickness immunity, AC +3, negative energy resistance 1, electricity
resistance, torment resistance 1, petrification resistance
a: no special abilities


You were on level 4 of the Dungeon.
You visited 1 branch of the dungeon, and saw 3 of its levels.

You collected 96 gold pieces.

Inventory:

Hand Weapons
 a - a +0 mace
 k - a +0 hand axe (weapon)
 p - a +0 short sword
Missiles
 c - 8 poisoned darts (quivered)
 e - 2 atropa-tipped darts
 i - 19 stones
 o - 11 sling bullets
Armour
 b - a +0 robe
 h - a +0 leather armour (worn)
Jewellery
 d - an amulet of regeneration (around neck)
 j - a ring of fire (left hand)
Scrolls
 f - a scroll of identify
 l - 3 scrolls of acquirement {unknown}
 m - a scroll of enchant armour {unknown}
Potions
 g - a potion of flight {unknown}
 n - a potion of berserk rage {berzerk rage, unknown}


   Skills:
 + Level 3.7 Fighting
 - Level 3.4 Maces & Flails
 + Level 0.3 Armour
 + Level 2.8 Dodging
 + Level 2.3 Stealth


You had 2 spell levels left.
You didn't know any spells.
Your spell library was empty.

Dungeon Overview and Level Annotations

Branches:
Dungeon (2/15)

Altars:


Innate Abilities, Weirdness & Mutations

You are immune to sickness and miasma.
Your stone body is resilient. (AC +3)
You are immune to poison.
You resist negative energy. (rN+)
You are resistant to electric shocks. (rElec)
You are resistant to unholy torment.
You are immune to petrification.


Message History

You kill the kobold!
i - 19 stones (gained 4)
You see here a +0 short sword.
p - a +0 short sword
q - a metallic inky potion
Okay, then.
As you read the scroll labelled XUNUAR UNOL, it crumbles to dust.
It is a scroll of identify.
q - a potion of degeneration Drop what? 17/52 slots (_ for help) (? for menu, Esc to quit)
You drop a potion of degeneration.
You now have 96 gold pieces (gained 13).
Found a club.
Found a scroll of identify.
A sudden malevolence fills the Dungeon...
You fall into a shaft and drop 2 floors!
The shaft crumbles and collapses. 3 gnolls come into view.
The gnoll shouts!
Found a club.
The gnoll misses you. The gnoll hits you with a +0 halberd.
The gnoll closely misses you.
The gnoll shouts!
You hit the gnoll.
The gnoll is heavily wounded.
You hit the gnoll but do no damage. x2; The gnoll barely misses you.
The gnoll hits you with a +0 spear. The gnoll closely misses you.
Okay, then.
Okay, then.
Unknown command.
The gnoll hits you from afar with a +0 halberd.
The gnoll hits you from afar with a +0 spear.
The gnoll throws a throwing net.
The throwing net hits you.
You become entangled in the net!
You see here a throwing net.
You struggle against the net.
The gnoll hits you with a +0 whip.
* * * LOW HITPOINT WARNING * * *
The gnoll hits you from afar with a +0 halberd!
You die...

###########
..........
#.......#
#.......#
#.......#
#.....g@#
###....##
#...g#
......g.)......
##.............
#.##....##.#.#
# ...... ....
######## #.# .#


You could see 3 gnolls.

Vanquished Creatures
  3 dart slugs (D:1)
  3 endoplasms (D:1)
  A giant cockroach (D:1)
  4 goblins
  3 hobgoblins
  2 quokkas (D:1)
  2 ball pythons (D:2)
  2 bats
  A frilled lizard (D:2)
  3 kobolds (D:2)
  2 rats
26 creatures vanquished.

Notes
Turn   | Place    | Note
-------+----------+-------------------------------------------
     0 | D:1      | croobank the Gargoyle Monk began the quest for the Orb.
     0 | D:1      | Reached XP level 1. HP: 14/14 MP: 1/1
   205 | D:1      | Reached XP level 2. HP: 10/19 MP: 2/2
   860 | D:2      | Reached XP level 3. HP: 24/24 MP: 3/3
  1042 | D:2      | You fall into a shaft and drop 2 floors!
  1048 | D:4      | Slain by a gnoll

Illustrated notes

Levels and vault maps discovered:
D:1:      minmay_arrival_checkered_box, layout_basic, minmay_pentomino_q2
D:2:      layout_loops_cross
D:4:      layout_basic, marbit_many_paths, minmay_temple_entry_enclosed_plants,
          hex_intersection

Action                   || total
-------------------------++-------
Melee: Mace              ||    76
       Hand axe          ||     2
  Use: Scroll            ||     1
 Stab: Sleeping          ||     5
Armor: Robe              ||     2
       Leather armour    ||    30
Dodge: Dodged            ||    67

Table legend: (Time is in decaauts)
 A = Elapsed time spent in this place.
 B = Non-inter-level travel time spent in this place.
 C = Inter-level travel time spent in this place.
 D = Time resting spent in this place.
 E = Time spent auto-exploring this place.
 F = Levels seen in this place.
 G = Mean time per level.
                   A        B        C        D        E       F      G
               +--------+--------+--------+--------+--------+-----+--------+
         Total |   1065 |   1050 |     15 |      9 |    744 |   3 |  355.0 |
       Dungeon |   1065 |   1050 |     15 |      9 |    744 |   3 |  355.0 |
               +--------+--------+--------+--------+--------+-----+--------+

Top non-repeatable levels by time:
     D:1: 835 daAuts
     D:2: 224 daAuts
     D:4: 5 daAuts
